| TOP OF THE 1ST |
|
Chester Pirates batting - Pitching for Columbus Reds : RHP Mike Stabb
|
|
Pitching: RHP Mike Stabb
|
|
|
Batting: RHB Ryan LeSueur
|
0-0: Foul Ball, location: 2F 0-1: Ground out 5-3 (Groundball, 56S, EV 84.4 MPH)
|
|
Batting: RHB Oscar Mora
|
0-0: Called Strike 0-1: Called Strike 0-2: Foul Ball, location: 2F 0-2: Foul Ball, location: 2F 0-2: Strikes out swinging
|
|
Batting: RHB Jason Rhodes
|
0-0: Ball 1-0: Fly out, F6 (Line Drive, 6M, EV 71.2 MPH)
|
| Top of the 1st over - 0 runs, 0 hits, 0 errors, 0 left on base; Chester 0 - Columbus 0 |
| BOTTOM OF THE 1ST |
|
Columbus Reds batting - Pitching for Chester Pirates : RHP Colin Walker
|
|
Pitching: RHP Colin Walker
|
|
|
Batting: RHB Alex Juarez
|
0-0: Ball 1-0: Foul Ball, location: 2F 1-1: Ball 2-1: Called Strike 2-2: Foul Ball, location: 2F 2-2: Foul Ball, location: 2F 2-2: Ball 3-2: Foul Ball, location: 2F 3-2: SOLO HOME RUN (Flyball, 9D, EV 96.9 MPH), Distance : 397 ft
|
|
Batting: RHB Mark Williams
|
0-0: Ball 1-0: Foul Ball, location: 2F 1-1: Swinging Strike 1-2: Hit by Pitch
|
|
Batting: LHB Jamie Spangenberg
|
0-0: Ball 1-0: SINGLE (Groundball, 56S, EV 63.8 MPH) (infield hit) Mark Williams to second
|
|
Batting: RHB Randy Grewe
|
0-0: Foul Ball, location: 2F 0-1: Foul Ball, location: 2F 0-2: SINGLE (Line Drive, 8RS, EV 106.9 MPH) Mark Williams to third Jamie Spangenberg to second
|
|
Batting: SHB Cesar Pelayo
|
0-0: Ball 1-0: Ball 2-0: SINGLE (Line Drive, 9LS, EV 103.8 MPH) Mark Williams scores Jamie Spangenberg to third Randy Grewe to second
|
|
Batting: RHB Gabriel Arias
|
0-0: Ball 1-0: SINGLE (Flyball, 3D, EV 100.0 MPH) Jamie Spangenberg scores Randy Grewe to third Cesar Pelayo to second
|
|
Batting: LHB Mike Becerra
|
0-0: Called Strike 0-1: Fly out, F8 (Flyball, 8LD, EV 105.6 MPH) Runner from 3rd tags up, SCORES, throw by CF Cesar Pelayo to third
|
|
Batting: RHB Oscar Chapa
|
0-0: Ball 1-0: SINGLE (Line Drive, 34D, EV 98.8 MPH) Cesar Pelayo scores Gabriel Arias to second
|
|
Pitching: RHP Bill Gomez
|
|
|
Batting: RHB Cornholdo Schwerin
|
0-0: Fielders Choice at 2nd, 6-4 (Groundball, 6, EV 98.8 MPH) Gabriel Arias to third
|
|
Batting: RHB Alex Juarez
|
0-0: Called Strike 0-1: Ball 1-1: Ball 2-1: Called Strike 2-2: Strikes out swinging
|
| Bottom of the 1st over - 5 runs, 6 hits, 0 errors, 2 left on base; Chester 0 - Columbus 5 |
| TOP OF THE 2ND |
|
Chester Pirates batting - Pitching for Columbus Reds : RHP Mike Stabb
|
|
Batting: LHB Kazuyoshi Ikeda
|
0-0: Foul Ball, location: 2F 0-1: Called Strike 0-2: Strikes out swinging
|
|
Batting: RHB Rafael Galicia
|
0-0: Called Strike 0-1: Ball 1-1: Fly out, F3 (Popup, 34S, EV 78.1 MPH)
|
|
Batting: LHB Damien Cohen
|
0-0: Swinging Strike 0-1: Ball 1-1: Called Strike 1-2: SINGLE (Flyball, 78S, EV 86.9 MPH)
|
|
Batting: RHB Matt Derrien
|
0-0: Called Strike 0-1: Called Strike 0-2: Ball 1-2: Strikes out looking
|
| Top of the 2nd over - 0 runs, 1 hit, 0 errors, 1 left on base; Chester 0 - Columbus 5 |
| BOTTOM OF THE 2ND |
|
Columbus Reds batting - Pitching for Chester Pirates : RHP Bill Gomez
|
|
Batting: RHB Mark Williams
|
0-0: Ball 1-0: SINGLE (Line Drive, 7LM, EV 109.4 MPH)
|
|
Batting: LHB Jamie Spangenberg
|
0-0: Called Strike 0-1: Called Strike 0-2: Ball 1-2: Ball 2-2: Fly out, F7 (Flyball, 7D, EV 102.5 MPH)
|
|
Batting: RHB Randy Grewe
|
0-0: Ball Mark Williams steals 2nd base 1-0: Foul Ball, location: 2F 1-1: Ground out 4-3 (Groundball, 4, EV 81.9 MPH) Mark Williams to third
|
|
Batting: SHB Cesar Pelayo
|
0-0: Foul Ball, location: 2F 0-1: Called Strike 0-2: Ball 1-2: Foul Ball, location: 2F 1-2: Ball 2-2: Foul Ball, location: 2F 2-2: Ball 3-2: 2-RUN HOME RUN (Line Drive, 9D, EV 98.1 MPH), Distance : 387 ft
|
|
Batting: RHB Gabriel Arias
|
0-0: Swinging Strike 0-1: Ball 1-1: Ball 2-1: Called Strike 2-2: Strikes out swinging
|
| Bottom of the 2nd over - 2 runs, 2 hits, 0 errors, 0 left on base; Chester 0 - Columbus 7 |
| TOP OF THE 3RD |
|
Chester Pirates batting - Pitching for Columbus Reds : RHP Mike Stabb
|
|
Batting: RHB Ryan Thurston
|
0-0: SOLO HOME RUN (Flyball, 7D, EV 99.4 MPH), Distance : 394 ft
|
|
Batting: SHB Thad Shearing
|
0-0: Ground out 6-3 (Groundball, 6, EV 77.5 MPH)
|
|
Now at SS: Ben Burkholder
|
|
|
Batting: RHB Ryan LeSueur
|
0-0: Called Strike 0-1: Ball 1-1: Ball 2-1: Called Strike 2-2: Ball 3-2: Fly out, F8 (Flyball, 78D, EV 90.6 MPH)
|
|
Batting: RHB Oscar Mora
|
0-0: Ball 1-0: Foul Ball, location: 2F 1-1: Called Strike 1-2: Strikes out swinging
|
| Top of the 3rd over - 1 run, 1 hit, 0 errors, 0 left on base; Chester 1 - Columbus 7 |
| BOTTOM OF THE 3RD |
|
Columbus Reds batting - Pitching for Chester Pirates : RHP Bill Gomez
|
|
Batting: LHB Mike Becerra
|
0-0: Foul Ball, location: 2F 0-1: Foul Ball, location: 2F 0-2: Strikes out swinging
|
|
Batting: RHB Ben Burkholder
|
0-0: Ball 1-0: Ball 2-0: Called Strike 2-1: Fly out, F9 (Line Drive, 9, EV 98.8 MPH)
|
|
Batting: RHB Cornholdo Schwerin
|
0-0: Ball 1-0: Ball 2-0: Ball 3-0: Called Strike 3-1: Reached on error, E4 (Groundball, 4, EV 82.5 MPH)
|
|
Batting: RHB Alex Juarez
|
0-0: Ball 1-0: Ball 2-0: Foul Ball, location: 2F 2-1: Ball 3-1: Called Strike 3-2: Foul Ball, location: 2F 3-2: Foul Ball, location: 2F 3-2: DOUBLE (Line Drive, 3D, EV 99.4 MPH) Cornholdo Schwerin to third Cornholdo Schwerin scores
|
|
Batting: RHB Mark Williams
|
0-0: Ball 1-0: Foul Ball, location: 2F 1-1: Ground out 6-3 (Groundball, 6, EV 104.4 MPH)
|
| Bottom of the 3rd over - 1 run, 1 hit, 1 error, 1 left on base; Chester 1 - Columbus 8 |
| TOP OF THE 4TH |
|
Chester Pirates batting - Pitching for Columbus Reds : RHP Mike Stabb
|
|
Batting: RHB Jason Rhodes
|
0-0: Called Strike 0-1: Ball 1-1: Called Strike 1-2: Fly out, F8 (Flyball, 8LM, EV 96.9 MPH)
|
|
Batting: LHB Kazuyoshi Ikeda
|
0-0: Ball 1-0: Swinging Strike 1-1: Called Strike 1-2: Strikes out swinging
|
|
Batting: RHB Rafael Galicia
|
0-0: Ball 1-0: Ball 2-0: Ball 3-0: Base on Balls
|
|
Batting: LHB Damien Cohen
|
0-0: Ball 1-0: Foul Ball, location: 2F 1-1: Called Strike 1-2: Strikes out swinging
|
| Top of the 4th over - 0 runs, 0 hits, 0 errors, 1 left on base; Chester 1 - Columbus 8 |
| BOTTOM OF THE 4TH |
|
Columbus Reds batting - Pitching for Chester Pirates : RHP Bill Gomez
|
|
Batting: LHB Jamie Spangenberg
|
0-0: Called Strike 0-1: Ball 1-1: Called Strike 1-2: Ball 2-2: Fly out, F7 (Flyball, 7LS, EV 94.4 MPH)
|
|
Batting: RHB Randy Grewe
|
0-0: Foul Ball, location: 2F 0-1: Foul Ball, location: 2F 0-2: Strikes out looking
|
|
Batting: SHB Cesar Pelayo
|
0-0: Ball 1-0: Ground out 4-3 (Groundball, 4, EV 95.0 MPH)
|
| Bottom of the 4th over - 0 runs, 0 hits, 0 errors, 0 left on base; Chester 1 - Columbus 8 |
| TOP OF THE 5TH |
|
Chester Pirates batting - Pitching for Columbus Reds : RHP Mike Stabb
|
|
Batting: RHB Matt Derrien
|
0-0: Ball 1-0: Called Strike 1-1: Foul Ball, location: 2F 1-2: Foul Ball, location: 2F 1-2: Fly out, F8 (Flyball, 8RM, EV 88.8 MPH)
|
|
Batting: RHB Ryan Thurston
|
0-0: Called Strike 0-1: Ball 1-1: Called Strike 1-2: Foul Ball, location: 2F 1-2: Strikes out looking
|
|
Batting: SHB Thad Shearing
|
0-0: Ball 1-0: Swinging Strike 1-1: Swinging Strike 1-2: Strikes out swinging
|
| Top of the 5th over - 0 runs, 0 hits, 0 errors, 0 left on base; Chester 1 - Columbus 8 |
| BOTTOM OF THE 5TH |
|
Columbus Reds batting - Pitching for Chester Pirates : RHP Bill Gomez
|
|
Batting: RHB Gabriel Arias
|
0-0: Called Strike 0-1: Called Strike 0-2: Strikes out swinging
|
|
Batting: LHB Mike Becerra
|
0-0: Called Strike 0-1: Fly out, F8 (Flyball, 8RD, EV 93.8 MPH)
|
|
Batting: RHB Ben Burkholder
|
0-0: Called Strike 0-1: Reached on error, E5 (Groundball, 56S, EV 83.1 MPH)
|
|
Batting: RHB Cornholdo Schwerin
|
0-0: Called Strike 0-1: Fly out, F7 (Line Drive, 78M, EV 94.4 MPH)
|
| Bottom of the 5th over - 0 runs, 0 hits, 1 error, 1 left on base; Chester 1 - Columbus 8 |
| TOP OF THE 6TH |
|
Chester Pirates batting - Pitching for Columbus Reds : RHP Mike Stabb
|
|
Batting: RHB Ryan LeSueur
|
0-0: Ball 1-0: Swinging Strike 1-1: Swinging Strike 1-2: Ball 2-2: Strikes out swinging, 2-3 out at first.
|
|
Batting: RHB Oscar Mora
|
0-0: Foul Ball, location: 2F 0-1: Ball 1-1: Ball 2-1: Foul Ball, location: 2F 2-2: Strikes out swinging
|
|
Batting: RHB Jason Rhodes
|
0-0: Ball 1-0: Ball 2-0: Called Strike 2-1: SINGLE (Groundball, 34S, EV 70.0 MPH) (infield hit)
|
|
Batting: LHB Kazuyoshi Ikeda
|
0-0: Swinging Strike 0-1: Ball Jason Rhodes is caught stealing 2nd base 2-6
|
| Top of the 6th over - 0 runs, 1 hit, 0 errors, 0 left on base; Chester 1 - Columbus 8 |
| BOTTOM OF THE 6TH |
|
Columbus Reds batting - Pitching for Chester Pirates : RHP Bill Gomez
|
|
Pitching: RHP Sung-jae Choo
|
|
|
Batting: RHB Alex Juarez
|
0-0: Fly out, F9 (Flyball, 9S, EV 95.0 MPH)
|
|
Batting: RHB Mark Williams
|
0-0: Ball 1-0: Called Strike 1-1: Called Strike 1-2: Ball 2-2: Ball 3-2: Foul Ball, location: 2F 3-2: Ground out 5-3 (Groundball, 5, EV 103.8 MPH)
|
|
Batting: LHB Jamie Spangenberg
|
0-0: Ball 1-0: Foul Ball, location: 2F 1-1: Ball 2-1: Swinging Strike 2-2: Foul Ball, location: 2F 2-2: Foul Ball, location: 2F 2-2: Foul Ball, location: 2F 2-2: SINGLE (Groundball, 34D, EV 94.4 MPH)
|
|
Batting: RHB Randy Grewe
|
0-0: Ball 1-0: Ball 2-0: Called Strike 2-1: Foul Ball, location: 2F 2-2: Ball 3-2: Base on Balls Jamie Spangenberg to second
|
|
Batting: SHB Cesar Pelayo
|
0-0: Ball 1-0: Swinging Strike 1-1: Swinging Strike 1-2: Ball 2-2: Foul Ball, location: 2F 2-2: Strikes out swinging
|
| Bottom of the 6th over - 0 runs, 1 hit, 0 errors, 2 left on base; Chester 1 - Columbus 8 |
| TOP OF THE 7TH |
|
Chester Pirates batting - Pitching for Columbus Reds : RHP Mike Stabb
|
|
Batting: LHB Kazuyoshi Ikeda
|
0-0: Foul Ball, location: 2F 0-1: Called Strike 0-2: Foul Ball, location: 2F 0-2: Strikes out swinging
|
|
Batting: RHB Rafael Galicia
|
0-0: Swinging Strike 0-1: Ball 1-1: Foul Ball, location: 2F 1-2: Foul Ball, location: 2F 1-2: Ball 2-2: Ball 3-2: Strikes out swinging
|
|
Batting: LHB Damien Cohen
|
0-0: Called Strike 0-1: Ball 1-1: Called Strike 1-2: Strikes out swinging
|
| Top of the 7th over - 0 runs, 0 hits, 0 errors, 0 left on base; Chester 1 - Columbus 8 |
| BOTTOM OF THE 7TH |
|
Columbus Reds batting - Pitching for Chester Pirates : RHP Sung-jae Choo
|
|
Batting: RHB Gabriel Arias
|
0-0: Ball 1-0: Ball 2-0: Called Strike 2-1: Foul Ball, location: 2F 2-2: Foul Ball, location: 2F 2-2: SINGLE (Groundball, 56D, EV 98.8 MPH)
|
|
Pinch Hitting: RHB Alex Ruybalid
|
0-0: Swinging Strike 0-1: Swinging Strike 0-2: Ball 1-2: Ball 2-2: Ball 3-2: Base on Balls Gabriel Arias to second
|
|
Batting: RHB Ben Burkholder
|
0-0: Swinging Strike 0-1: Fly out, F7 (Flyball, 7, EV 82.5 MPH)
|
|
Pitching: RHP Yong-taek Hoang
|
|
|
Batting: RHB Cornholdo Schwerin
|
0-0: Called Strike 0-1: Swinging Strike 0-2: Fielders Choice at 2nd, 4-6 (Groundball, 34, EV 103.8 MPH) Gabriel Arias to third
|
|
Pinch Hitting: RHB Kevin Larner
|
0-0: Foul Ball, location: 2F 0-1: Called Strike 0-2: Foul Ball, location: 2F 0-2: Ground out 1-3 (Groundball, 13S, EV 74.4 MPH)
|
| Bottom of the 7th over - 0 runs, 1 hit, 0 errors, 2 left on base; Chester 1 - Columbus 8 |
| TOP OF THE 8TH |
|
Chester Pirates batting - Pitching for Columbus Reds : RHP Mike Stabb
|
|
Pitching: LHP Joe McLaughlin
|
|
|
Now at 3B: Kevin Larner
|
|
|
Now in RF: Alex Ruybalid
|
|
|
Batting: RHB Matt Derrien
|
0-0: Ball 1-0: Swinging Strike 1-1: Ball 2-1: Foul Ball, location: 2F 2-2: Ball 3-2: Strikes out swinging
|
|
Batting: RHB Ryan Thurston
|
0-0: Ball 1-0: Ground out 4-3 (Groundball, 34, EV 80.6 MPH)
|
|
Batting: SHB Thad Shearing
|
0-0: Fly out, F8 (Flyball, 8RD, EV 85.0 MPH)
|
| Top of the 8th over - 0 runs, 0 hits, 0 errors, 0 left on base; Chester 1 - Columbus 8 |
| BOTTOM OF THE 8TH |
|
Columbus Reds batting - Pitching for Chester Pirates : RHP Yong-taek Hoang
|
|
Batting: RHB Mark Williams
|
0-0: Ball 1-0: Ball 2-0: Ball 3-0: Called Strike 3-1: Base on Balls
|
|
Pinch Hitting: RHB Al Blanchard
|
0-0: Ball 1-0: Called Strike 1-1: Ball 2-1: Hit by Pitch Mark Williams to second
|
|
Batting: RHB Randy Grewe
|
0-0: Swinging Strike 0-1: Ball 1-1: Ball 2-1: Foul Ball, location: 2F 2-2: Ball 3-2: SINGLE (Line Drive, 34D, EV 95.6 MPH) Mark Williams to third Al Blanchard to second
|
|
Batting: SHB Cesar Pelayo
|
0-0: Foul Ball, location: 2F 0-1: Swinging Strike 0-2: Ball 1-2: Foul Ball, location: 2F 1-2: Hit by Pitch Mark Williams scores Al Blanchard to third Randy Grewe to second
|
|
Batting: RHB Gabriel Arias
|
0-0: Ball 1-0: Fly out, F9 (Line Drive, 9S, EV 97.5 MPH)
|
|
Pinch Hitting: RHB Jonathan Davis
|
0-0: Reached on error, E3 (Groundball, 34S, EV 87.5 MPH) Al Blanchard scores Randy Grewe to third Cesar Pelayo to second
|
|
Batting: RHB Ben Burkholder
|
0-0: Called Strike 0-1: Ball 1-1: DOUBLE (Groundball, 5L, EV 105.0 MPH) Randy Grewe scores Cesar Pelayo scores Jonathan Davis to third Runner from 3rd tries for Home, SAFE, no throw by LF
|
|
Pitching: LHP Adam Clarke
|
|
|
Batting: RHB Cornholdo Schwerin
|
0-0: Ball 1-0: Ball 2-0: 2-RUN HOME RUN (Flyball, 78XD, EV 113.8 MPH), Distance : 425 ft
|
|
Batting: RHB Kevin Larner
|
0-0: Ball 1-0: Called Strike 1-1: Fly out, F9 (Flyball, 9, EV 86.2 MPH)
|
|
Batting: RHB Mark Williams
|
0-0: Ball 1-0: Called Strike 1-1: Ball 2-1: Foul Ball, location: 2F 2-2: SINGLE (Line Drive, 3D, EV 100.0 MPH)
|
|
Batting: RHB Al Blanchard
|
0-0: Ball 1-0: Called Strike 1-1: Ball 2-1: Ball 3-1: Fly out, F7 (Flyball, 78M, EV 97.5 MPH)
|
| Bottom of the 8th over - 7 runs, 4 hits, 1 error, 1 left on base; Chester 1 - Columbus 15 |
| TOP OF THE 9TH |
|
Chester Pirates batting - Pitching for Columbus Reds : LHP Joe McLaughlin
|
|
Now at 2B: Jonathan Davis
|
|
|
Now in LF: Mark Williams
|
|
|
Now in RF: Tim Kirk
|
|
|
Batting: RHB Ryan LeSueur
|
0-0: Ground out 5-3 (Groundball, 56, EV 89.4 MPH)
|
|
Batting: RHB Oscar Mora
|
0-0: Fly out, F8 (Line Drive, 8RM, EV 110.6 MPH)
|
|
Batting: RHB Jason Rhodes
|
0-0: Called Strike 0-1: Ball 1-1: Ball 2-1: Ball 3-1: Foul Ball, location: 2F 3-2: Base on Balls
|
|
Batting: LHB Kazuyoshi Ikeda
|
0-0: Called Strike 0-1: Called Strike 0-2: Ball 1-2: Ball 2-2: Fly out, F3 (Line Drive, 3, EV 68.1 MPH)
|
| Top of the 9th over - 0 runs, 0 hits, 0 errors, 1 left on base; Chester 1 - Columbus 15 |
|